 Dungeon Crawl Stone Soup version bcrawl-1.38.1 (webtiles) character file.

Game seed: 12964136317405710332

377176 Baz the Thaumaturge (level 11, -3/82 (83) HPs)
             Began as a Djinni Fire Elementalist on Apr 12, 2023.
             Was a Believer of Ashenzari.
             Slain by a fire bat (5 damage)
             ... in a volcano.
             The game lasted 00:30:20 (10999 turns).

Baz the Thaumaturge (Djinni Fire Elementalist)     Turns: 10999, Time: 00:30:21

HP:   -3/82 (83)    AC:  8    Str: 20    XL:     11   Next: 66%
MP:   12/26         EV: 13    Int: 29    God:    Ashenzari [**....]
Gold: 304           SH:  0    Dex: 11    Spells: 15/32 levels left

rFire    . . .     GDR:     30% v - +9 falchion of the Realm of Zot {speed, +Inv Str+3 Int+2} (curse)
rCold    . . .     SeeInvis .   (no shield)
rNeg     . . .     Gourm    .   E - +3 troll leather armour "Jaufeat" {Regen+ Int+3} (curse)
rPois    .         Faith    .   (no helmet)
rElec    .         Spirit   .   (no cloak)
rCorr    .         Reflect  .   (no gloves)
MR       +....     Rnd*Rage +   (boots unavailable)
Stlth    ++........             (no amulet)
HPRegen  0.63/turn              I - +7 ring of strength
MPRegen  0.20/turn              J - +2 ring of intelligence

@: swift, flying, quick
A: never pass out, berserk 2, blink, blurry vision 2, wild magic 3, MP-powered
wands, floating
a: Blink, Curse Item, Scrying, Renounce Religion, Evoke Invisibility


You were in a volcano.
You worshipped Ashenzari.
Ashenzari was pleased with you.
You were not hungry.

You visited 3 branches of the dungeon, and saw 12 of its levels.
You also visited: Ossuary and Volcano.

You collected 787 gold pieces.
You spent 483 gold pieces at shops.

Inventory:

Hand Weapons
 p - a +1 dagger of protection
 v - the cursed +9 falchion of the Realm of Zot (weapon) {speed, +Inv Str+3 Int+2}
   (You found it on level 4 of the Dungeon)

   Attacks with this weapon are significantly faster.
   It affects your strength (+3).
   It affects your intelligence (+2).
   It lets you turn invisible.
   It has a curse placed upon it.
Missiles
 d - 1272 stones (quivered)
 L - a throwing net {=f}
Armour
 a - a +0 robe
 D - a +0 pair of gloves
 E - the cursed +3 troll leather armour "Jaufeat" (worn) {Regen+ Int+3}
   (You bought it in a shop on level 6 of the Dungeon)

   It affects your intelligence (+3).
   It increases your rate of regeneration.
   It has a curse placed upon it.
Jewellery
 F - the cursed amulet of Vision {SInv *Curse}
   (You found it in the Ecumenical Temple)

   [amulet of nothing]

   It lets you see invisible.
   It curses itself when equipped.
   It has a curse placed upon it.
 I - a +7 ring of strength (left hand)
 J - a +2 ring of intelligence (right hand)
 K - an uncursed ring of protection from magic
Wands
 c - a wand of flame (4)
 m - a wand of iceblast (19)
 u - a wand of random effects (11)
 x - a wand of paralysis (8)
 O - a wand of acid (4)
Scrolls
 b - 4 scrolls of fear
 g - 5 scrolls of teleportation {unknown}
 i - a scroll of identify
 j - 4 scrolls of remove curse {unknown}
 n - 2 scrolls of enchant armour
 q - 2 scrolls of enchant weapon {unknown}
 w - 2 scrolls of fog
 z - 2 scrolls of noise
 G - 2 scrolls of amnesia {unknown}
Potions
 f - a potion of invisibility
 h - 6 potions of flight
 k - 5 potions of curing
 l - 5 potions of might {unknown}
 o - 4 potions of lignification
 r - 2 potions of agility {unknown}
 s - a potion of brilliance
 t - 3 potions of berserk rage
 y - a potion of mutation {unknown}
 B - a potion of resistance {unknown}
 C - 3 potions of magic {unknown}
 H - a potion of ambrosia
 N - a potion of cancellation {unknown}
Comestibles
 e - 15 rations {!d}


   Skills:
 - Level 3.7(5.1) Fighting
 - Level 2.0(3.1) Long Blades
 + Level 6.1(7.8) Armour
 - Level 3.3(4.7) Dodging
 - Level 1.5(2.7) Stealth
 + Level 11.2(12.4) Spellcasting
 + Level 9.3(10.7) Conjurations
 + Level 10.7(12.0) Fire Magic
 + Level 10.1(11.4) Evocations


You had 15 spell levels left.
You knew the following spells:

 Your Spells              Type           Power        Failure   Level  Hunger
a - Flame Tongue          Conj/Fire      #####        1%          1    None
b - Sticky Flame          Conj/Fire      ########     3%          4    None
c - Conjure Flame         Conj/Fire      ########     2%          3    None
d - Iskenderun's Mystic   Conj           ########     2%          3    None
e - Fireball              Conj/Fire      ########..   6%          5    ##.....
f - Summon Butterflies    Summ           ####....     13%         1    None

Your spell library contained the following spells:

 Spells                   Type           Power        Failure   Level  Hunger
 Magic Dart               Conj           ####         1%          1    None
 Searing Ray              Conj           ########     1%          2    None
 Flaming Arrows           Chrm/Fire      #######.     4%          2    None
 Inner Flame              Hex/Fire       N/A          6%          3    None
 Dazzling Orbs            Conj/Hex       #######      7%          3    None
 Ignite Poison            Fire/Tmut/Pois ######..     10%         3    None
 Apportation              Tloc           ####..       13%         1    None
 Beastly Appendage        Tmut           ####..       13%         1    None
 Corona                   Hex            ####...      13%         1    None
 Infusion                 Chrm           ####....     13%         1    None
 Sandblast                Erth           ####..       13%         1    None
 Slow                     Hex            ####....     13%         1    None
 Summon Small Mammal      Summ           ####         13%         1    None
 Fulminant Prism          Conj/Hex       #######...   14%         4    None
 Call Imp                 Summ           ####..       17%         2    None
 Ensorcelled Hibernation  Hex/Ice        ####..       17%         2    None
 Passwall                 Tmut/Erth      ####....     17%         2    None
 Sticks to Snakes         Tmut           ####....     17%         2    None
 Sublimation of Blood     Necr           ####......   17%         2    None
 Call Canine Familiar     Summ           ####....     28%         3    None
 Confuse                  Hex            ####....     28%         3    None
 Spider Form              Tmut/Pois      ###          28%         3    None
 Tukima's Dance           Hex            ####....     28%         3    None
 Irradiate                Conj/Tmut      #######...   30%         5    ##.....
 Cause Fear               Hex            ####......   58%         4    None
 Ice Form                 Ice/Tmut       ####....     58%         4    None
 Petrify                  Tmut/Erth      ####......   58%         4    None
 Summon Ice Beast         Ice/Summ       ####....     58%         4    None
 Blade Hands              Tmut           ####......   87%         5    ##.....
 Summon Lightning Spire   Summ/Air       ####....     87%         5    ##.....
 Summon Mana Viper        Hex/Summ       ####....     87%         5    ##.....
 Ozocubu's Refrigeration  Ice            ####......   100%        6    ####...
 Summon Hydra             Summ           ####......   100%        6    ####...
 Virulence                Hex/Pois       ####....     100%        6    ####...
 Monstrous Menagerie      Summ           ####......   100%        7    ######.


Dungeon Overview and Level Annotations

Branches:
Dungeon (9/12)             Temple (1/1) D:7            Lair (2/6) D:7
  Swamp: Lair:2-4    Shoals: Lair:2-4     Snake: Lair:2-4    Spider: Lair:2-4
    Orc: D:8-11

Altars:
Ashenzari
Cheibriados
Dithmenos
Elyvilon
Fedhas
Hepliaklqana
Kikubaaqudgha
Lugonu
Makhleb
Nemelex Xobeh
Okawaru
Qazlal
Ru
Sif Muna
Trog
Vehumet
Wu Jian
Xom
Yredelemnul
The Shining One

Shops:
D:4 =   D:5 [   D:6 *   D:8 (

Annotations:
D:6 1 runed door
D:8 2 transporters, pecorinoman's ghost, novice HESk


Innate Abilities, Weirdness & Mutations

You never pass out after going berserk.
You often lose your temper in combat.
You can translocate small distances at will.
Scrolls take you longer to read.
Your spells are much harder to cast, but much more powerful.
You expend magic power (3 MP) to strengthen your wands.
Your body floats in the air.


Message History

Casting: Iskenderun's Mystic Blast (safe; 2% risk of failure)
Confirm with . or Enter, or press ? or * to list all spells.
Aiming: Iskenderun's Mystic Blast (safe; 2% risk of failure)
Press: ? - help, Shift-Dir - straight line, f/p - hell hound
Aim: a hell hound (severely wounded, catching its breath)
The orb of energy hits the lindwurm.
You kill the lindwurm!
The fire bat bites you.
You are engulfed in flames!
* * * LOW HITPOINT WARNING * * *
The molten gargoyle blasts magma at you!
The bolt of magma hits you!
* * * LOW HITPOINT WARNING * * *
No path to travel!
No path to travel!
It was a potion of flight.
You feel more buoyant. The fire bat bites you.
* * * LOW HITPOINT WARNING * * *
You are engulfed in flames.
You die...

##...##...§≈≈≈≈≈≈≈ #*
#..8..#...≈≈≈§§§§§ ≈
#.##.....#...≈≈≈≈§§≈≈≈≈
#%[8.....#....§≈≈≈≈§≈§≈
#$!#..⌠..##..§§≈§≈≈≈§§≈
#$)##..[#####....≈≈≈≈§≈
#+#####'## ##...≈≈§≈≈§≈
##....#b..###8....≈§§§§§
#.._..h@∩.+.......≈§§§§§
##...9#...###8.....§≈§§§
##+# ##+## ###.....≈≈§≈
* ** ##....§§.. , , ,
####..### 8 , #### , * ,
* ,


8 You could see a molten gargoyle, a hell hound and a fire bat.

Vanquished Creatures
  Erica (D:8)
  A lindwurm (Volcano)
  Pikel (D:9)
  Joseph (D:9)
  An efreet (D:9)
  A komodo dragon (Lair:1)
  A troll (D:7)
  Grinder (D:5)
  A polar bear (D:7)
  7 blink frogs
  A meliai zombie (D:7)
  3 hippogriffs
  A shadow (D:9)
  8 fire bats (Volcano)
  4 yaks (D:8)
  A steam dragon (Volcano)
  A basilisk (Lair:1)
  3 hungry ghosts
  2 vampire mosquitoes (D:9)
  2 wargs (D:7)
  3 crocodiles (Lair:1)
  3 porcupines (Lair:1)
  2 water moccasins
  2 orc warriors
  3 ice beasts (D:5)
  2 black bears (D:8)
  A phantom (D:4)
  2 sky beasts
  2 slaves (D:9)
  2 ogres
  2 necrophages
  4 bullfrogs
  An elf zombie (D:7)
  3 centaurs (D:7)
  A water moccasin zombie (D:5)
  A scorpion (D:4)
  13 wights
  3 orc priests
  A howler monkey (D:4)
  5 lava snakes (Volcano)
  5 crimson imps
  A quasit (D:8)
  A bullfrog skeleton (D:7)
  2 hounds
  4 human zombies (D:7)
  7 orc wizards
  2 iguanas (D:8)
  2 human skeletons (D:7)
  5 worker ants
  2 hound skeletons (D:4)
  8 mummies (Ossuary)
  2 worker ant zombies
  4 gnolls (D:8)
  11 adders
  A shadow imp (D:5)
  3 oozes
  2 adder skeletons
  3 worms
  4 dart slugs (D:3)
  6 leopard geckos
  24 orcs
  4 giant cockroaches
  6 goblins
  12 hobgoblins
  6 jackals
  4 quokkas
  3 bats
  3 frilled lizards
  A hobgoblin zombie (Ossuary)
  9 kobolds
  2 kobold zombies (Ossuary)
  6 orc zombies
  2 rats
255 creatures vanquished.

Vanquished Creatures (others)
  A slave (D:9)
  An orc (D:9)
  A quokka (D:8)
  2 plants (D:8)
5 creatures vanquished.

Grand Total: 260 creatures vanquished

Notes
Turn   | Place    | Note
-------+----------+-------------------------------------------
     0 | D:1      | Baz the Djinni Fire Elementalist began the quest for the
                  | Orb.
     0 | D:1      | Reached XP level 1. HP: 14/14 MP: 4/4
   491 | D:1      | Reached XP level 2. HP: 20/20 MP: 3/6
   845 | D:2      | Found a glowing golden altar of the Shining One.
   988 | D:2      | Reached skill level 1 in Evocations
  1261 | D:2      | Reached XP level 3. HP: 21/26 MP: 0/7
  1820 | D:3      | Found a stormy altar of Qazlal.
  1844 | D:3      | Gained mutation: Your spells are harder to cast, but more
                  | powerful. [Djinni growth]
  1844 | D:3      | Gained mutation: You can translocate small distances at
                  | will. [Djinni growth]
  1844 | D:3      | Reached XP level 4. HP: 21/33 MP: 0/9
  1900 | D:3      | Learned a level 4 spell: Sticky Flame
  1904 | D:3      | Learned a level 3 spell: Conjure Flame
  2100 | D:3      | Reached skill level 4 in Spellcasting
  2252 | D:3      | Reached XP level 5. HP: 33/38 MP: 6/11
  2595 | D:4      | Learned a level 3 spell: Iskenderun's Mystic Blast
  2801 | D:3      | HP: 1/38 [crimson imp/flame tongue (15)]
  2981 | D:4      | Noticed an ogre
  2994 | D:4      | Killed an ogre
  2995 | D:4      | Found Naumig's Jewellery Boutique.
  3102 | D:4      | Reached XP level 6. HP: 46/46 MP: 6/12
  3145 | D:4      | Reached skill level 1 in Fighting
  3145 | D:4      | Reached skill level 5 in Fire Magic
  3288 | D:4      | Reached skill level 5 in Spellcasting
  3319 | D:4      | Reached XP level 7. HP: 53/53 MP: 6/14
  3330 | D:4      | Learned a level 5 spell: Fireball
  3593 | D:4      | Got an ancient falchion
  3924 | D:5      | Entered Level 5 of the Dungeon
  3989 | D:5      | Noticed Grinder
  3994 | D:5      | Paralysed by Grinder for 4 turns
  4005 | D:5      | Killed Grinder
  4080 | D:5      | Learned a level 1 spell: Summon Butterflies
  4096 | D:5      | Reached skill level 6 in Spellcasting
  4245 | D:5      | Gained mutation: Your spells are much harder to cast, but
                  | much more powerful. [Djinni growth]
  4245 | D:5      | Reached XP level 8. HP: 49/63 MP: 10/17
  4284 | D:5      | Reached skill level 5 in Evocations
  4441 | D:5      | Found Roru's Antique Armour Shoppe.
  4448 | D:5      | Identified the +9 falchion of the Realm of Zot {speed, +Inv
                  | Str+3 Int+2} (You found it on level 4 of the Dungeon)
  5013 | D:6      | Found a sand-covered staircase.
  5020 | Ossuary  | Entered an ossuary
  5140 | Ossuary  | Reached skill level 5 in Conjurations
  5324 | D:6      | Reached skill level 1 in Long Blades
  5446 | D:6      | Reached skill level 7 in Spellcasting
  5518 | D:6      | Found Vafekei's Assorted Antiques.
  5529 | D:6      | Bought a slimy troll leather armour for 460 gold pieces
  5529 | D:6      | Bought a scroll labeled IDIDIR SIOKH for 23 gold pieces
  5545 | D:6      | Identified the +3 troll leather armour "Jaufeat" {Regen+
                  | Int+3} (You bought it in a shop on level 6 of the Dungeon)
  5921 | D:6      | Reached skill level 1 in Armour
  6059 | D:6      | Reached XP level 9. HP: 71/71 MP: 13/20
  6113 | D:6      | Found a runed door.
  6205 | D:7      | Found a staircase to the Lair.
  6464 | D:7      | Reached skill level 8 in Spellcasting
  6526 | D:7      | Found a hazy altar of Hepliaklqana.
  6695 | D:7      | Found an iron altar of Okawaru.
  6696 | D:7      | Found a sparkling altar of Nemelex Xobeh.
  6731 | D:7      | Found a corrupted altar of Lugonu.
  6837 | D:7      | Noticed a troll
  6838 | D:7      | Found a staircase to the Ecumenical Temple.
  6852 | D:7      | Killed a troll
  6932 | Temple   | Entered the Ecumenical Temple
  7193 | Temple   | Became a worshipper of Ashenzari the Shackled
  7194 | Temple   | Found the cursed amulet of Vision {SInv *Curse}
  7631 | D:7      | Reached XP level 10. HP: 65/76 MP: 17/22
  7640 | D:7      | Found a basalt altar of Yredelemnul.
  7933 | D:7      | Found a shimmering altar of Xom.
  8168 | D:8      | Reached skill level 9 in Spellcasting
  8485 | D:8      | Found Pabuixe's Weapon Shoppe.
  8669 | D:8      | Found a radiant altar of Vehumet.
  8842 | D:8      | Noticed Erica
  8843 | D:8      | Found a transporter.
  8860 | D:8      | Killed Erica
  8893 | D:8      | Found a transporter.
  8899 | D:8      | Identified the cursed +2 trident of Riuze {chaos, rPois rF+
                  | Dex+9}
  8899 | D:8      | Identified the cursed +1 ring mail "Wygifox" {Slay+5}
  8899 | D:8      | Identified the +0 medium shield of a bailey {*Corrode rN+
                  | Regen+}
  8931 | D:8      | Noticed pecorinoman's ghost (novice HESk)
  8943 | D:8      | Identified the ring "Zoruvie" {Ice Str+6 Stlth+}
  9016 | D:8      | Found a white marble altar of Elyvilon.
  9216 | D:9      | Noticed Pikel
  9220 | D:9      | Killed Pikel
  9223 | D:9      | Noticed Joseph
  9232 | D:9      | Killed Joseph
  9233 | D:9      | Reached skill level 10 in Spellcasting
  9321 | D:9      | Reached * piety under Ashenzari
  9452 | D:9      | Reached skill level 5 in Armour
  9541 | D:9      | Reached XP level 11. HP: 53/82 MP: 13/25
  9613 | Lair:1   | Entered Level 1 of the Lair of Beasts
  9682 | Lair:1   | Reached skill level 10 in Fire Magic
 10677 | Lair:2   | Reached ** piety under Ashenzari
 10737 | Lair:2   | Found a dark tunnel.
 10742 | Volcano  | Entered a volcano
 10832 | Volcano  | Reached skill level 11 in Spellcasting
 10972 | Volcano  | Noticed a fire crab
 10993 | Volcano  | Found a radiant altar of Vehumet.
 10993 | Volcano  | Noticed a lindwurm
 10995 | Volcano  | Reached skill level 10 in Evocations
 10998 | Volcano  | Killed a lindwurm
 10998 | Volcano  | HP: 2/82 [molten gargoyle/bolt of magma (16)]
 10999 | Volcano  | Slain by a fire bat

Skill      XL: |  1  2  3  4  5  6  7  8  9 10 11 |
---------------+----------------------------------+-----
Evocations     | 1 2 3 4 6 7 9 10 | 10.1
Fire Magic     | 4 5 6 7 8 9 10 | 10.7
Conjurations   | 2 3 4 5 7 8 9 |  9.3
Spellcasting   | 4 5 6 7 8 10 11 | 11.2
Dodging        | 3 |  3.3
Fighting       | 1 3 |  3.7
Long Blades    | 2 |  2.0
Armour         | 1 3 5 6 |  6.1
Stealth        | |  1.5

Action                   |  1- 3 |  4- 6 |  7- 9 | 10-12 || total
-------------------------+-------+-------+-------+-------++-------
Melee: Dagger            |     2 |    46 |       |       ||    48
       Unarmed           |     1 |       |       |       ||     1
       Falchion          |       |       |    26 |     9 ||    35
 Cast: Flame Tongue      |    64 |    75 |   271 |   261 ||   671
       Iskenderun's Myst |       |     5 |    20 |    36 ||    61
       Conjure Flame     |       |     1 |     3 |     2 ||     6
       Sticky Flame      |       |       |     1 |    13 ||    14
       Summon Butterflie |       |       |     1 |       ||     1
       Fireball          |       |       |       |     2 ||     2
Invok: Curse Item        |       |       |     2 |       ||     2
Evoke: Wand              |       |       |       |     5 ||     5
  Use: Scroll            |     3 |       |     7 |     4 ||    14
       Potion            |       |     1 |       |     1 ||     2
 Stab: Sleeping          |       |       |     1 |       ||     1
  Eat: Chunk             |     4 |     3 |    12 |    11 ||    30
       Ration            |       |     1 |     3 |     1 ||     5
Armor: Robe              |     4 |    22 |     4 |       ||    30
       Troll leather arm |       |       |    47 |    45 ||    92
Dodge: Dodged            |    17 |    40 |    94 |    91 ||   242
